 Dungeon Crawl Stone Soup version 0.19.1 (webtiles) character file.

46 HessuHobo the Chopper (level 3, -3/27 HPs)
             Began as a Demonspawn Gladiator on Dec 27, 2016.
             Was an Initiate of Makhleb.
             Slain by a gnoll (4 damage)
             ... on level 2 of the Dungeon.
             The game lasted 00:04:23 (1369 turns).

HessuHobo the Chopper (Demonspawn Gladiator)        Turns: 1369, Time: 00:04:28

Health: -3/27      AC:  6    Str: 16    XL:     3   Next: 46%
Magic:  3/3        EV: 14    Int:  9    God:    Makhleb [......]
Gold:   42         SH:  0    Dex: 13    Spells: 0 memorised, 2 levels left

rFire  x . .     SeeInvis .     a - +0 war axe
rCold  + . .     Gourm    .     b - +3 leather armour
rNeg   . . .     Faith    .     (no shield)
rPois  .         Spirit   .     (helmet restricted)
rElec  .         Reflect  .     (no cloak)
rCorr  .         Harm     .     (no gloves)
MR     .....                    (no boots)
Stlth  +.........               (no amulet)
                                (no ring)
                                m - ring of ice

@: no status effects
A: horns 1, repulsion field 1
a: Renounce Religion


You were on level 2 of the Dungeon.
You worshipped Makhleb.
Makhleb was noncommittal.
You were not hungry.

You visited 1 branch of the dungeon, and saw 2 of its levels.

You collected 42 gold pieces.

Inventory:

Hand Weapons
 a - a +0 war axe (weapon)
Missiles
 d - 3 throwing nets (quivered)
Armour
 b - a +3 leather armour (worn)
 c - a +0 helmet
Jewellery
 i - a cursed ring of ice
 j - an uncursed ring of poison resistance {unknown}
 m - a ring of ice (left hand)
 n - a cursed ring of teleportation
Potions
 e - a potion of heal wounds {unknown}
Comestibles
 f - 3 bread rations
 g - 3 chunks of flesh
 h - a beef jerky
 l - a slice of pizza


   Skills:
 + Level 2.2 Fighting
 + Level 3.2 Axes
 - Level 1.7 Throwing
 * Level 1.0 Armour
 + Level 2.9 Dodging
 * Level 1.1 Unarmed Combat


You had 2 spell levels left.
You didn't know any spells.

Dungeon Overview and Level Annotations

Branches:
Dungeon (2/15)

Altars:
Makhleb
Xom


Innate Abilities, Weirdness & Mutations

You have a pair of small horns on your head.
You are surrounded by a mild repulsion field. (EV +2)


Message History

You hit the gnoll.
You kill the gnoll!
Makhleb accepts your kill.
Your Armour skill increases to level 1!
The gnoll closely misses you.
A bat comes into view.
You barely miss the gnoll.
You headbutt the gnoll, but do no damage.
The gnoll is lightly wounded.
The gnoll hits you from afar with a halberd.
The gnoll hits you!
* * * LOW HITPOINT WARNING * * *
You closely miss the gnoll.
You headbutt the gnoll, but do no damage.
The gnoll is lightly wounded.
The gnoll closely misses you.
The gnoll hits you from afar with a halberd.
* * * LOW HITPOINT WARNING * * *
The gnoll hits you.
You die...

#....##...#
..###....#....#
...........#....##
##.#.......#.....##
.#.....#........###
.......#...........
........#...........
........##...........
........##@..........
......bg####+#.....
.....$.g# #####
.......l. ..........
#..........
..........l#
...........#
............


You could see 2 gnolls, a bat and a frilled lizard.

Vanquished Creatures
  A gnoll (D:2)
  2 dart slugs
  A leopard gecko (D:1)
  4 bats
  A giant cockroach (D:1)
  5 goblins (D:1)
  A hobgoblin (D:1)
  4 jackals (D:1)
  A frilled lizard (D:1)
  A kobold (D:2)
  12 rats
33 creatures vanquished.

Notes
Turn   | Place    | Note
-------+----------+-------------------------------------------
     0 | D:1      | HessuHobo the Demonspawn Gladiator began the quest for the Orb.
     0 | D:1      | Reached XP level 1. HP: 16/16 MP: 1/1
   422 | D:1      | Gained mutation: You are surrounded by a mild repulsion field. (EV +2) [demonic ancestry]
   422 | D:1      | Reached XP level 2. HP: 17/22 MP: 2/2
   561 | D:1      | Reached skill level 3 in Axes
   811 | D:1      | Reached skill level 1 in Unarmed Combat
  1123 | D:1      | Gained mutation: You have a pair of small horns on your head. [demonic ancestry]
  1123 | D:1      | Reached XP level 3. HP: 27/27 MP: 3/3
  1279 | D:2      | Found a shimmering altar of Xom.
  1281 | D:2      | Found a burning altar of Makhleb.
  1317 | D:2      | Became a worshipper of Makhleb the Destroyer
  1367 | D:2      | Reached skill level 1 in Armour
  1369 | D:2      | HP: 1/27 [gnoll/halberd (6)]
  1369 | D:2      | Slain by a gnoll

Skill      XL: |  1  2  3 |
---------------+----------+-----
Axes           | 3 |  3.2
Unarmed Combat | 1 |  1.1
Armour         | 1 |  1.0
Fighting       | |  2.2
Throwing       | |  1.7
Dodging        | |  2.9

Action                   || total
-------------------------++-------
Melee: War axe           ||    95
       Punch             ||     1
       Headbutt          ||     6
  Use: Scroll            ||     6
       Potion            ||     1
  Eat: Chunk             ||     2
Armor: Leather armour    ||    44
Dodge: Dodged            ||   105
